 Dungeon Crawl Stone Soup version 0.29.0-4-gdea44cf6ec (webtiles) character file.

Game seed: 805066598627275919

62 qw the Caller (level 4, -4/36 HPs)
             Began as a Ghoul Summoner on Sept 10, 2022.
             Killed from afar by Sigmund (11 damage)
             ... with a magic dart
             ... on level 2 of the Dungeon.
             The game lasted 00:00:56 (2217 turns).

qw the Caller (Ghoul Summoner)                      Turns: 2217, Time: 00:00:56

Health: -4/36      AC:  5    Str: 13    XL:     4   Next: 8%
Magic:  2/5        EV: 10    Int: 10    God:
Gold:   88         SH:  0    Dex:  9    Spells: 5/6 levels left

rFire   . . .      SeeInvis .   Y - +0 hand axe
rCold   + . .      Faith    .   (no shield)
rNeg    + + +      Spirit   .   i - +0 ring mail
rPois   inf        Reflect  .   (no helmet)
rElec   .          Harm     .   (no cloak)
rCorr   .          Rampage  .   (no gloves)
Will    .....                   (no boots)
Stlth   +.........              (no amulet)
HPRegen 0.00/turn               (no ring)
MPRegen 0.09/turn               (no ring)

@: inhibited regen
A: claws 1, cold resistance 1, negative energy resistance 3, inhibited
regeneration, torment resistance 2, devour on kill
a: no special abilities


You were on level 2 of the Dungeon.
You visited 1 branch of the dungeon, and saw 2 of its levels.

You collected 88 gold pieces.


Innate Abilities, Weirdness & Mutations

You are immune to poison.
You have sharp fingernails.
Your flesh is cold resistant. (rC+)
You are immune to negative energy. (rN+++)
You do not regenerate when monsters are visible.
You are immune to unholy pain and torment.
You thrive by killing the living.


   Skills:
 - Level 2.0 Fighting
 + Level 2.6 Axes
 - Level 1.7 Dodging
 - Level 2.1 Stealth
 - Level 1.7 Spellcasting
 - Level 3.6 Summonings


You had 5 spell levels left.
You knew the following spells:

 Your Spells              Type           Power      Damage    Failure   Level
a - Summon Small Mammal   Summ           32%        N/A       16%         1

Your spell library contained the following spells:

 Spells                   Type           Power      Damage    Failure   Level
 Call Imp                 Summ           8%         N/A       24%         2
 Call Canine Familiar     Summ           8%         N/A       43%         3
 Summon Guardian Golem    Hex/Summ       4%         N/A       71%         3
 Summon Lightning Spire   Summ/Air       4%         N/A       98%         4

Inventory:

Hand Weapons
 j - a +0 flail
 Y - a +0 hand axe (weapon)
Armour
 i - a +0 ring mail (worn)
Scrolls
 b - a scroll of vulnerability {unknown}
 g - 2 scrolls of identify
Potions
 a - a potion of attraction {unknown}
 c - 2 potions of heal wounds {unknown}

Dungeon Overview and Level Annotations

Branches:
Dungeon (2/15)

Altars:

Annotations:
D:2 Sigmund


Message History

You miscast Summon Small Mammal.
You are very lightly contaminated with residual magic.
Nothing appears to happen.
2206 ||| CASTING Summon Small Mammal
Casting: Summon Small Mammal (safe; 16% risk of failure)
Confirm with . or Enter, or press ? or * to list all spells.
Your rat disappears in a puff of smoke!
Sigmund gestures wildly while chanting.
Sigmund flickers and vanishes!
Deactivating autopickup; reactivate with Ctrl-A.
You swing at nothing.
Really attack your rat?
You start resting.
Your bat hits something. Your bat misses something. Something hits you!
You swing at nothing.
Your bat misses something.
Your bat barely misses something.
You swing at nothing.
Your bat hits something but does no damage.
Something hits you!
Your bat barely misses something.
Your magical contamination has completely faded away.
You swing at nothing.
Your bat hits something. Something hits you but does no damage.
Your bat closely misses something.
You swing at nothing.
Your bat hits something. Something hits you!
You swing at nothing.
Your bat hits something. x2
A magic dart appears from out of thin air!
The magic dart hits your bat!
Your bat dies!
Your bat's corpse disappears in a puff of smoke!
You hear a shout!
You swing at nothing.
Something hits you but does no damage.
You swing at nothing.
You swing at nothing.
A magic dart appears from out of thin air!
The magic dart hits you!
You die...

......#.#######
##......#.....#########
#.......#.............
#.......# ./.........#
#.......# ..........#
.##.##..# #........+
##...##.# #.{......#
... #..~..#.#
#........#####...
..~~~...#
#..r@...........
#..~..##
#.............. ##...##
#......#####.# # ###.##
##............#.#
.....#
#......#...#...#.#
####.#
###......#.........#
#.##
#....#.#.#.#.#...###
#..# #........#.......#
##.###....#...#..%..###


You could see a friendly rat (summoned).

Vanquished Creatures
  A gnoll (D:1)
  An adder (D:2)
  2 worms (D:2)
  3 endoplasms (D:1)
  3 goblins (D:1)
  2 hobgoblins (D:1)
  3 jackals (D:1)
  2 kobolds
  A quokka (D:1)
  3 bats (D:2)
  2 rats (D:1)
23 creatures vanquished.

Vanquished Creatures (collateral kills)
  An endoplasm (D:2)
  2 giant cockroaches (D:1)
  A goblin (D:1)
  2 hobgoblins
  A kobold (D:1)
  A ball python (D:1)
  2 bats
  2 rats (D:2)
12 creatures vanquished.

Grand Total: 35 creatures vanquished

Notes
Turn   | Place    | Note
-------+----------+-------------------------------------------
     0 | D:1      | qw the Ghoul Summoner began the quest for the Orb.
     0 | D:1      | Reached XP level 1. HP: 14/14 MP: 2/2
     0 | D:1      | 0 ||| qw: Version: 0.1-a-113-g051387a
     0 | D:1      | 0 ||| qw: Game counter: 7403
     0 | D:1      | 0 ||| qw: Always use a shield: true
     0 | D:1      | 0 ||| qw: God list: Okawaru
     0 | D:1      | 0 ||| qw: Allow faded altars: false
     0 | D:1      | 0 ||| qw: Do Orc after D:15 true
     0 | D:1      | 0 ||| qw: Do second Lair branch before Depths: true
     0 | D:1      | 0 ||| qw: Lair rune preference: random
     0 | D:1      | 0 ||| qw: Plans: Normal
     0 | D:1      | 0 ||| PLANNING D:1-11
    38 | D:1      | 38 ||| CASTING Summon Small Mammal
    39 | D:1      | 39 ||| CASTING Summon Small Mammal
    70 | D:1      | 70 ||| CASTING Summon Small Mammal
    71 | D:1      | 71 ||| CASTING Summon Small Mammal
    97 | D:1      | 97 ||| Wielding weapon +0 dagger.
   104 | D:1      | 104 ||| CASTING Summon Small Mammal
   105 | D:1      | 105 ||| CASTING Summon Small Mammal
   117 | D:1      | 117 ||| CASTING Summon Small Mammal
   118 | D:1      | Reached skill level 1 in Axes
   162 | D:1      | 162 ||| CASTING Summon Small Mammal
   163 | D:1      | 163 ||| CASTING Summon Small Mammal
   174 | D:1      | 174 ||| CASTING Summon Small Mammal
   257 | D:1      | 257 ||| SWAPPING to +0 hand axe.
   258 | D:1      | 258 ||| DROPPING +0 dagger.
   261 | D:1      | 261 ||| CASTING Summon Small Mammal
   262 | D:1      | 262 ||| CASTING Summon Small Mammal
   289 | D:1      | 289 ||| CASTING Summon Small Mammal
   290 | D:1      | 290 ||| CASTING Summon Small Mammal
   297 | D:1      | Reached skill level 1 in Fighting
   297 | D:1      | Reached XP level 2. HP: 23/23 MP: 0/3
   335 | D:1      | 335 ||| CASTING Summon Small Mammal
   336 | D:1      | 336 ||| CASTING Summon Small Mammal
   338 | D:1      | 338 ||| CASTING Summon Small Mammal
   346 | D:1      | 346 ||| CASTING Summon Small Mammal
   401 | D:1      | 401 ||| CASTING Summon Small Mammal
   402 | D:1      | 402 ||| CASTING Summon Small Mammal
   403 | D:1      | 403 ||| CASTING Summon Small Mammal
   462 | D:1      | 462 ||| CASTING Summon Small Mammal
   463 | D:1      | 463 ||| CASTING Summon Small Mammal
   464 | D:1      | 464 ||| CASTING Summon Small Mammal
   468 | D:1      | HP: 4/23 [gnoll/+0 flail (8)]
   741 | D:1      | 741 ||| DROPPING +0 club.
   768 | D:1      | 768 ||| CASTING Summon Small Mammal
   769 | D:1      | 769 ||| CASTING Summon Small Mammal
   770 | D:1      | 770 ||| CASTING Summon Small Mammal
   774 | D:1      | Reached XP level 3. HP: 28/28 MP: 0/4
   819 | D:1      | 819 ||| CASTING Summon Small Mammal
   820 | D:1      | 820 ||| CASTING Summon Small Mammal
   821 | D:1      | 821 ||| CASTING Summon Small Mammal
   822 | D:1      | 822 ||| CASTING Summon Small Mammal
   875 | D:1      | 875 ||| CASTING Summon Small Mammal
   876 | D:1      | 876 ||| CASTING Summon Small Mammal
   877 | D:1      | 877 ||| CASTING Summon Small Mammal
   878 | D:1      | 878 ||| CASTING Summon Small Mammal
   935 | D:1      | 935 ||| CASTING Summon Small Mammal
   936 | D:1      | 936 ||| CASTING Summon Small Mammal
   937 | D:1      | 937 ||| CASTING Summon Small Mammal
   938 | D:1      | 938 ||| CASTING Summon Small Mammal
  1017 | D:1      | 1017 ||| CASTING Summon Small Mammal
  1018 | D:1      | 1018 ||| CASTING Summon Small Mammal
  1019 | D:1      | 1019 ||| CASTING Summon Small Mammal
  1020 | D:1      | 1020 ||| CASTING Summon Small Mammal
  1072 | D:1      | 1072 ||| CASTING Summon Small Mammal
  1073 | D:1      | 1073 ||| CASTING Summon Small Mammal
  1074 | D:1      | 1074 ||| CASTING Summon Small Mammal
  1075 | D:1      | 1075 ||| CASTING Summon Small Mammal
  1250 | D:1      | 1250 ||| Stepping ~*~*~tactically~*~*~ (stealth).
  1251 | D:1      | 1251 ||| CASTING Summon Small Mammal
  1252 | D:1      | 1252 ||| CASTING Summon Small Mammal
  1265 | D:1      | 1265 ||| Stepping ~*~*~tactically~*~*~ (stealth).
  1270 | D:1      | 1270 ||| CASTING Summon Small Mammal
  1271 | D:1      | 1271 ||| CASTING Summon Small Mammal
  1272 | D:1      | 1272 ||| CASTING Summon Small Mammal
  1363 | D:1      | 1363 ||| UPGRADING to +0 leather armour.
  1373 | D:1      | 1373 ||| DROPPING +0 robe.
  1374 | D:1      | 1374 ||| UPGRADING to +0 ring mail.
  1384 | D:1      | 1384 ||| DROPPING +0 leather armour.
  1385 | D:1      | 1385 ||| DROPPING orb of light.
  1386 | D:1      | 1386 ||| READING 2 scrolls labelled LIS OXTO WULINK.
  1387 | D:1      | 1387 ||| READING scroll labelled DAILYV DECVAUS.
  1388 | D:1      | 1388 ||| DRINKING 2 clear potions.
  1389 | D:1      | 1389 ||| DROPPING potion of magic.
  1390 | D:1      | 1390 ||| DROPPING potion of berserk rage.
  1454 | D:2      | 1454 ||| CASTING Summon Small Mammal
  1455 | D:2      | 1455 ||| CASTING Summon Small Mammal
  1456 | D:2      | 1456 ||| CASTING Summon Small Mammal
  1457 | D:2      | 1457 ||| CASTING Summon Small Mammal
  1641 | D:2      | 1641 ||| CASTING Summon Small Mammal
  1642 | D:2      | 1642 ||| CASTING Summon Small Mammal
  1643 | D:2      | 1643 ||| CASTING Summon Small Mammal
  1644 | D:2      | 1644 ||| CASTING Summon Small Mammal
  1692 | D:2      | 1692 ||| CASTING Summon Small Mammal
  1693 | D:2      | 1693 ||| CASTING Summon Small Mammal
  1694 | D:2      | 1694 ||| CASTING Summon Small Mammal
  1695 | D:2      | 1695 ||| CASTING Summon Small Mammal
  1798 | D:2      | 1798 ||| CASTING Summon Small Mammal
  1799 | D:2      | 1799 ||| CASTING Summon Small Mammal
  1800 | D:2      | 1800 ||| CASTING Summon Small Mammal
  1801 | D:2      | 1801 ||| CASTING Summon Small Mammal
  1871 | D:2      | 1871 ||| CASTING Summon Small Mammal
  1872 | D:2      | 1872 ||| CASTING Summon Small Mammal
  1873 | D:2      | 1873 ||| CASTING Summon Small Mammal
  1874 | D:2      | 1874 ||| CASTING Summon Small Mammal
  1945 | D:2      | 1945 ||| CASTING Summon Small Mammal
  1946 | D:2      | 1946 ||| CASTING Summon Small Mammal
  1971 | D:2      | 1971 ||| CASTING Summon Small Mammal
  1972 | D:2      | 1972 ||| CASTING Summon Small Mammal
  1974 | D:2      | 1974 ||| CASTING Summon Small Mammal
  1976 | D:2      | 1976 ||| CASTING Summon Small Mammal
  1982 | D:2      | Reached XP level 4. HP: 33/36 MP: 1/5
  2029 | D:2      | 2029 ||| CASTING Summon Small Mammal
  2032 | D:2      | 2032 ||| CASTING Summon Small Mammal
  2034 | D:2      | 2034 ||| CASTING Summon Small Mammal
  2035 | D:2      | 2035 ||| CASTING Summon Small Mammal
  2036 | D:2      | 2036 ||| CASTING Summon Small Mammal
  2106 | D:2      | 2106 ||| CASTING Summon Small Mammal
  2107 | D:2      | 2107 ||| CASTING Summon Small Mammal
  2108 | D:2      | 2108 ||| CASTING Summon Small Mammal
  2109 | D:2      | 2109 ||| CASTING Summon Small Mammal
  2110 | D:2      | 2110 ||| CASTING Summon Small Mammal
  2120 | D:2      | 2120 ||| CASTING Summon Small Mammal
  2127 | D:2      | 2127 ||| CASTING Summon Small Mammal
  2191 | D:2      | 2191 ||| CASTING Summon Small Mammal
  2202 | D:2      | Noticed Sigmund
  2203 | D:2      | 2203 ||| CASTING Summon Small Mammal
  2204 | D:2      | 2204 ||| CASTING Summon Small Mammal
  2205 | D:2      | 2205 ||| CASTING Summon Small Mammal
  2206 | D:2      | 2206 ||| CASTING Summon Small Mammal
  2213 | D:2      | HP: 7/36 [something (10)]
  2217 | D:2      | Killed from afar by Sigmund

Levels and vault maps discovered:
D:1:      minmay_arrival_hallway, layout_rooms
D:2:      layout_basic, amcnicky_mini_pool_small, hangedman_decor_lopped,
          uniq_sigmund

Skill      XL: |  1  2  3 |
---------------+----------+-----
Axes           | 1 2 |  2.6
Fighting       | 1 2 |  2.0
Dodging        | |  1.7
Stealth        | |  2.1
Spellcasting   | |  1.7
Summonings     | |  3.6

Action                   |  1- 3 |  4- 6 || total
-------------------------+-------+-------++-------
Melee: Dagger            |     4 |       ||     4
       Hand axe          |    75 |    12 ||    87
       Unarmed           |     1 |       ||     1
       Punch             |     1 |       ||     1
 Cast: Summon Small Mamm |    69 |    14 ||    83
  Use: Scroll            |     2 |       ||     2
       Potion            |     1 |       ||     1
Armor: Robe              |     5 |       ||     5
       Ring mail         |    12 |     6 ||    18
Dodge: Dodged            |    31 |     6 ||    37

Table legend:
 A = Non-vault XP
 B = Vault XP
 C = Vault XP percentage of total XP
 D = Non-vault monster count
 E = Vault monster count
 F = Vault count percentage of total count
                 A         B        C        D         E       F
            +---------+---------+-------+---------+---------+-------
      Total |      89 |       0 |   0.0 |      35 |       0 |   0.0
            +---------+---------+-------+---------+---------+-------
        D:1 |      54 |       0 |   0.0 |      23 |       0 |   0.0
        D:2 |      35 |       0 |   0.0 |      12 |       0 |   0.0
            +---------+---------+-------+---------+---------+-------
